 Dungeon Sprint DCSS version 0.30-a0-354-g6b83867211 (webtiles) character file.

Game seed: 10069487094438227360

43425 mhtbhm the Tortoise (level 13, -10/146 HPs)
             Began as an Armataur Fighter on Nov 7, 2022.
             Was an Initiate of Gozag.
             Killed by divine providence
             ... invoked by Saint Roka
              (18 damage)
             ... in the Dungeon (Sprint IX: "|||||||||||||||||||||||||||||") on Nov 8, 2022.
             The game lasted 00:14:46 (6473 turns).

mhtbhm the Tortoise (Armataur Fighter)              Turns: 6473, Time: 00:14:48

Health: -10/146    AC: 36    Str: 26    XL:     13   Next: 90%
Magic:  13/13      EV: 12    Int: 15    God:    Gozag
Gold:   1907       SH: 10    Dex:  7    Spells: 12/12 levels left

rFire   + + +      SeeInvis .    a - +0 flail
rCold   + + .      Faith    .    c - +0 buckler
rNeg    + + .      Spirit   .    b - +1 chain mail {Will+}
rPois   +          Reflect  .    m - +2 helmet {Int+3}
rElec   +          Harm     +    n - scarf {rC+ rF+}
rCorr   .          Roll     +    D - +3 pair of gloves of the Hanged Man {rPois rN++ Dex-3 Stlth+}
Will    +....      NoTele   +    p - +3 barding "Omiyjeb" {Harm *Slow rPois rF+++}
Stlth   +.........               x - amulet of the acrobat
HPRegen 0.44/turn                F - ring of the Octopus King {rC+ HP+2 AC+2 EV+2 SH+2}
MPRegen 0.13/turn                y - ring "Wuada Enair" {rElec EV+4 Int+3 Slay+3}

@: mighty, invisible
A: large, rugged brown scales 3, deformed body, armoured tail, roll, long
tongue, awkward tongue
a: Renounce Religion, Potion Petition, Call Merchant, Bribe Branch


You were in the Dungeon.
You worshipped Gozag.
Gozag was most pleased with you.
You visited 1 branch You collected 13294 gold pieces.
You spent 4695 gold pieces at shops.
You paid 6692 gold pieces to Gozag.

Inventory:

Hand Weapons
 a - a +0 flail (weapon)
Missiles
 d - 2 poisoned darts
 v - 7 boomerangs
 w - 6 javelins (quivered)
Armour
 b - a +1 chain mail of willpower (worn)
 c - a +0 buckler (worn)
 m - a +2 helmet of intelligence (worn)
 n - a scarf of resistance (worn)
 p - the +3 barding "Omiyjeb" (worn) {Harm *Slow rPois rF+++}
   (You bought it in a shop in the Dungeon)

   rF:        It renders you almost immune to fire.
   rPois:     It protects you from poison.
   *Slow:     It may slow you when you take damage.
   Harm:      It increases damage dealt and taken.
 D - the +3 pair of gloves of the Hanged Man (worn) {rPois rN++ Dex-3 Stlth+}
   (You found it in the Dungeon)

   Dex:       It affects your dexterity (-3).
   rPois:     It protects you from poison.
   rN:        It greatly protects you from negative energy.
   Stlth:     It makes you more stealthy.
Jewellery
 x - an amulet of the acrobat (around neck)
 y - the ring "Wuada Enair" (right hand) {rElec EV+4 Int+3 Slay+3}
   (You bought it in a shop in the Dungeon)

   [ring of evasion]

   EV:        It affects your evasion (+4).
   Int:       It affects your intelligence (+3).
   Slay:      It affects your accuracy & damage with ranged weapons and melee
   (+3).
   rElec:     It insulates you from electricity.
 C - a ring of protection from cold
 F - a ring of the Octopus King (left hand) {rC+ HP+2 AC+2 EV+2 SH+2}
   (You bought it in a shop in the Dungeon)

   [ring of protection from cold]

   AC:        It affects your AC (+2).
   EV:        It affects your evasion (+2).
   rC:        It protects you from cold.
   HP:        It affects your health (+2).
   SH:        It affects your SH (+2).
Scrolls
 k - 2 scrolls of amnesia
 s - 2 scrolls of butterflies
 t - 4 scrolls of enchant weapon
 u - 3 scrolls of identify
Potions
 e - a potion of curing
 f - a potion of resistance
 h - 4 potions of magic
 i - 2 potions of invisibility
 q - a potion of mutation
 r - a potion of ambrosia
 E - a potion of haste


   Skills:
 + Level 18.3 Fighting
 + Level 19.4 Maces & Flails
 + Level 2.5 Throwing
 + Level 19.7 Armour
 + Level 7.1 Dodging
 + Level 6.8 Stealth
 + Level 18.3 Shields
 + Level 5.5 Evocations


You had 12 spell levels left.
You didn't know any spells.
Your spell library was empty.

Dungeon Overview and Level Annotations

Branches:
Dungeon (1/1)

Altars:
Cheibriados
Dithmenos
Elyvilon
Fedhas
Gozag
Hepliaklqana
Kikubaaqudgha
Makhleb
Nemelex Xobeh
Okawaru
Qazlal
Ru
Sif Muna
Trog
Uskayaw
Vehumet
Wu Jian
Xom
Yredelemnul
Zin
The Shining One
Jiyva
Lugonu

Shops:
D ([(:=[[=!

Annotations:
D Saint Roka


Innate Abilities, Weirdness & Mutations

You are completely covered in rugged brown scales. (AC +3, +7% HP)
Armour fits poorly on your strangely shaped body.
You have a long armoured tail.
You roll when moving toward enemies. (Rampage)
Your long tongue fully drains potion bottles. (2x potion effects)
Your tongue gives you trouble enunciating. (1.5x scroll delay)


Message History

Beogh smites you!
* * * LOW HITPOINT WARNING * * *
Unknown command.
You slurp down every last drop of the 2 potions of curing!
You feel better.
The ogre shouts!
Saint Roka hits you with a +0 great sword.
You sock Saint Roka!
Saint Roka is moderately wounded.
The ogre is no longer distracted by gold.
Saint Roka hits you but does no damage.
You thump Saint Roka!
You tail-slap Saint Roka, but do no damage.
Saint Roka is moderately wounded.
Saint Roka hits you with a +0 great sword!
* * * LOW HITPOINT WARNING * * *
You hit Saint Roka.
Saint Roka is moderately wounded.
You hit Saint Roka.
You tail-slap Saint Roka, but do no damage.
Saint Roka is moderately wounded.
Saint Roka hits you but does no damage.
You barely miss Saint Roka.
Saint Roka is moderately wounded.
Saint Roka closely misses you.
You sock Saint Roka!
Saint Roka is heavily wounded.
You closely miss Saint Roka.
Saint Roka is heavily wounded.
The orc priest no longer looks unusually strong.
Saint Roka hits you with a +0 great sword!!
* * * LOW HITPOINT WARNING * * *
You catch the helpless Saint Roka completely off-guard!
You bludgeon Saint Roka!!
Your tail-slap misses Saint Roka.
Saint Roka is heavily wounded.
The orc no longer looks unusually strong.
Saint Roka calls down the wrath of Beogh upon you.
Beogh smites you!
You die...
Your body crumbles into a pile of gold.

▓▓▓▓▓▓▓▓▓▓▓▓▓▓▓▓▓▓▓▓▓▓▓▓
..............$$@oooO...
▓▓▓▓▓▓▓▓▓▓▓▓▓▓▓▓▓▓▓▓▓▓▓▓▓▓▓▓▓▓
.).'...∩.....'...........∩...▓
▓▓▓▓▓▓▓▓▓▓▓▓▓▓▓▓▓▓▓▓▓▓▓▓▓▓▓▓.▓
.............................▓
▓▓▓▓▓▓▓▓▓▓▓▓▓▓▓▓▓▓▓▓▓▓▓▓▓▓▓▓▓▓
[[[[[.))))))))....('.........▓
▓▓▓▓▓▓▓▓▓▓▓▓▓▓▓▓▓▓▓▓▓▓▓▓▓▓▓▓.▓
.............)...............▓


You could see Saint Roka (unable to see you), an ogre (unable to see you), an
orc priest (unable to see you) and an orc (unable to see you).

Vanquished Creatures
  Rupert (D)
  Agnes (D)
  An emperor scorpion (D)
  A broodmother (D)
  An eleionoma (D)
  A spark wasp (D)
  A bunyip (D)
  2 ettins (D)
  Josephine (D)
  A fire dragon (D)
  An ice dragon (D)
  A ghost crab (D)
  A hydra (D)
  A centaur warrior (D)
  3 anacondas (D)
  2 boulder beetles (D)
  An alligator snapping turtle (D)
  A two-headed ogre (D)
  A deep troll earth mage (D)
  4 orc high priests (D)
  An alligator (D)
  Urug (D)
  A vampire mage (D)
  Nergalle (D)
  2 sun moths (D)
  2 salamander mystics (D)
  A glowing orange brain (D)
  2 bog bodies (D)
  A deep elf pyromancer (D)
  11 orc knights (D)
  An orc sorcerer (D)
  2 ugly things (D)
  A cyclops (D)
  A salamander (D)
  Maurice (D)
  A manticore (D)
  A merfolk siren (D)
  An elephant (D)
  A naga mage (D)
  3 black mambas (D)
  2 torpor snails (D)
  7 cane toads (D)
  2 unseen horrors (D)
  A demonic crawler (D)
  A rime drake (D)
  A kobold demonologist (D)
  A komodo dragon (D)
  A polar bear (D)
  4 tyrant leeches (D)
  5 merfolk (D)
  2 hornets (D)
  A slime creature (D)
  A blink frog (D)
  A jumping spider (D)
  A water elemental (D)
  A culicivora (D)
  4 wraiths (D)
  A spriggan (D)
  Eustachio (D)
  2 yaks (D)
  A vampire mosquito (D)
  An acid dragon (D)
  4 water moccasins (D)
  11 orc warriors (D)
  A wolf (D)
  3 howler monkeys (D)
  A hound (D)
  3 orc priests (D)
  5 orc wizards (D)
  An adder (D)
  An ufetubus (D)
  A worm (D)
  An adder simulacrum (D)
  5 orcs (D)
  A goblin (D)
  2 kobolds (D)
  A ball python simulacrum (D)
  A bat (D)
  A quokka simulacrum (D)
  A rat (D)
149 creatures vanquished.

Vanquished Creatures (others)
  A fenstrider witch (D)
  A spriggan druid (D)
2 creatures vanquished.

Grand Total: 151 creatures vanquished

Notes
Turn   | Place    | Note
-------+----------+-------------------------------------------
     0 | D        | mhtbhm the Armataur Fighter began the quest for the Orb.
     0 | D        | Reached XP level 1. HP: 19/19 MP: 1/1
    51 | D        | Noticed a howler monkey
    51 | D        | Noticed a hound
    54 | D        | Reached XP level 2. HP: 27/27 MP: 2/2
    57 | D        | Reached skill level 5 in Armour
    62 | D        | Reached skill level 5 in Shields
    62 | D        | Reached XP level 3. HP: 36/36 MP: 3/3
    65 | D        | Reached XP level 4. HP: 43/43 MP: 4/4
    70 | D        | Found a snail-covered altar of Cheibriados.
    70 | D        | Found a shadowy altar of Dithmenos.
    70 | D        | Found a white marble altar of Elyvilon.
    70 | D        | Found a blossoming altar of Fedhas.
    70 | D        | Found an opulent altar of Gozag.
    71 | D        | Found a hazy altar of Hepliaklqana.
    72 | D        | Found a viscous altar of Jiyva.
    73 | D        | Found an ancient bone altar of Kikubaaqudgha.
    74 | D        | Found a corrupted altar of Lugonu.
    75 | D        | Found a burning altar of Makhleb.
    76 | D        | Found a sparkling altar of Nemelex Xobeh.
    77 | D        | Found an iron altar of Okawaru.
    78 | D        | Found a stormy altar of Qazlal.
    79 | D        | Found a sacrificial altar of Ru.
    80 | D        | Found a shimmering blue altar of Sif Muna.
    84 | D        | Became a worshipper of Gozag Ym Sagoz the Greedy
   101 | D        | Found a bloodstained altar of Trog.
   102 | D        | Found a hide-covered altar of Uskayaw.
   103 | D        | Found a radiant altar of Vehumet.
   104 | D        | Found an ornate altar of the Wu Jian Council.
   105 | D        | Found a shimmering altar of Xom.
   106 | D        | Found a basalt altar of Yredelemnul.
   107 | D        | Found a glowing silver altar of Zin.
   108 | D        | Found a glowing golden altar of the Shining One.
   161 | D        | Noticed an acid dragon
   161 | D        | Noticed a kobold demonologist
   161 | D        | Noticed a hornet
   163 | D        | Reached skill level 5 in Fighting
   163 | D        | Killed an acid dragon
   164 | D        | Reached skill level 5 in Maces & Flails
   164 | D        | Reached XP level 5. HP: 39/54 MP: 5/5
   164 | D        | Reached XP level 6. HP: 44/62 MP: 6/6
   165 | D        | Killed an unseen horror
   166 | D        | Reached skill level 10 in Armour
   166 | D        | Reached skill level 1 in Evocations
   166 | D        | Reached XP level 7. HP: 42/70 MP: 7/7
   170 | D        | Killed a hornet
   172 | D        | Noticed a sixfirhy
   173 | D        | Noticed a rust devil
   175 | D        | Noticed a red devil
   180 | D        | Killed a kobold demonologist
   349 | D        | Noticed a boulder beetle
   349 | D        | Noticed a two-headed ogre
   349 | D        | Noticed a centaur warrior
   349 | D        | Noticed a slime creature
   349 | D        | Noticed a vampire mosquito
   353 | D        | Killed a vampire mosquito
   353 | D        | Killed an unseen horror
   353 | D        | Killed a slime creature
   353 | D        | Killed a two-headed ogre
   354 | D        | Reached skill level 1 in Dodging
   354 | D        | Reached XP level 8. HP: 79/83 MP: 8/8
   354 | D        | Reached XP level 9. HP: 85/89 MP: 9/9
   368 | D        | Killed a centaur warrior
   369 | D        | Reached skill level 10 in Maces & Flails
   374 | D        | HP: 4/90 [boulder beetle (16)]
   388 | D        | HP: 3/90 [boulder beetle (17)]
   393 | D        | Killed a boulder beetle
   394 | D        | Reached skill level 10 in Fighting
   653 | D        | Noticed a black mamba
   653 | D        | Noticed a cane toad
   656 | D        | Noticed a cane toad
   675 | D        | Killed a cane toad
   676 | D        | Reached skill level 5 in Evocations
   691 | D        | Killed a black mamba
   692 | D        | Reached skill level 1 in Stealth
   692 | D        | Reached XP level 10. HP: 74/100 MP: 10/10
   716 | D        | Killed a cane toad
   882 | D        | Noticed an elephant
   882 | D        | Noticed a torpor snail
   882 | D        | Noticed a cane toad
   882 | D        | Noticed a four-headed hydra
   891 | D        | Bought a +2 helmet of intelligence for 365 gold pieces
   904 | D        | Killed a four-headed hydra
   916 | D        | Killed a cane toad
   921 | D        | Killed a torpor snail
  1302 | D        | Killed an elephant
  1361 | D        | Noticed a cane toad
  1361 | D        | Noticed a cane toad
  1361 | D        | Noticed a cane toad
  1673 | D        | Reached XP level 11. HP: 111/111 MP: 11/11
  1700 | D        | Reached skill level 15 in Armour
  2073 | D        | Noticed Urug
  2088 | D        | Killed Urug
  2196 | D        | Noticed Eustachio
  2206 | D        | Killed Eustachio
  2244 | D        | Bought an amulet of the acrobat for 420 gold pieces
  2244 | D        | Bought the ring "Wuada Enair" {rElec EV+4 Int+3 Slay+3} for
                  | 964 gold pieces
  2512 | D        | Noticed an orc knight
  2517 | D        | Noticed an orc knight
  2526 | D        | Killed an orc knight
  2536 | D        | Reached skill level 15 in Maces & Flails
  2551 | D        | Killed an orc knight
  2553 | D        | Noticed an orc sorcerer
  2565 | D        | Paralysed by an orc sorcerer for 4 turns
  2570 | D        | Killed an orc sorcerer
  2582 | D        | Reached skill level 5 in Dodging
  2785 | D        | Found Gitrew's Book Boutique.
  2785 | D        | Noticed an orc knight
  2785 | D        | Noticed an orc knight
  2785 | D        | Noticed an orc knight
  2785 | D        | Noticed an orc knight
  2785 | D        | Noticed an orc knight
  2786 | D        | Noticed an orc high priest
  2970 | D        | Killed an orc knight
  3071 | D        | Killed an orc knight
  3148 | D        | Killed an orc knight
  3192 | D        | Killed an orc knight
  3193 | D        | Reached skill level 1 in Throwing
  3193 | D        | Reached skill level 5 in Stealth
  3251 | D        | Killed an orc knight
  3268 | D        | Killed an orc high priest
  3310 | D        | Noticed an orc high priest
  3318 | D        | Noticed a sixfirhy
  3318 | D        | Killed an orc high priest
  3319 | D        | Reached XP level 12. HP: 116/125 MP: 12/12
  3405 | D        | Found Rokam's Weapon Shop.
  3409 | D        | Found Tuvuh's Armour Boutique.
  3413 | D        | Found Gadalej's Weapon Shop.
  3415 | D        | Noticed an orc high priest
  3416 | D        | Noticed an orc high priest
  3435 | D        | Killed an orc high priest
  3443 | D        | Killed an orc high priest
  3451 | D        | HP: 1/126 [orc knight/+0 great sword (38)]
  4065 | D        | Bought the +3 barding "Omiyjeb" {Harm *Slow rPois rF+++}
                  | for 1021 gold pieces
  4144 | D        | Noticed Josephine
  4165 | D        | Killed Josephine
  4311 | D        | Got the +3 pair of gloves of the Hanged Man {rPois rN++
                  | Dex-3 Stlth+}
  4359 | D        | Bought a ring of the Octopus King {rC+ HP+2 AC+2 EV+2 SH+2}
                  | for 1043 gold pieces
  4359 | D        | Found the ring of the Octopus King {rC+ HP+2 AC+2 EV+2
                  | SH+2}
  4373 | D        | Noticed a fire dragon
  4379 | D        | Noticed an ice dragon
  4380 | D        | Reached skill level 15 in Fighting
  4380 | D        | Reached skill level 15 in Shields
  4387 | D        | Noticed an ettin
  4396 | D        | Killed a fire dragon
  4480 | D        | Killed an ice dragon
  4483 | D        | Killed an ettin
  4534 | D        | Noticed a deep troll earth mage
  4541 | D        | Killed a deep troll earth mage
  4558 | D        | Noticed a vampire mage
  4562 | D        | Noticed an ettin
  4565 | D        | Killed a vampire mage
  4583 | D        | Killed an ettin
  4586 | D        | Noticed a spark wasp
  4763 | D        | Killed a spark wasp
  4831 | D        | Noticed Rupert
  4855 | D        | Killed Rupert
  4856 | D        | Reached XP level 13. HP: 75/138 MP: 13/13
  5035 | D        | Bought a potion of curing for 54 gold pieces
  5035 | D        | Bought a potion of curing for 54 gold pieces
  5035 | D        | Bought a potion of curing for 54 gold pieces
  5035 | D        | Bought a potion of curing for 54 gold pieces
  5035 | D        | Bought a potion of heal wounds for 90 gold pieces
  5046 | D        | Noticed an emperor scorpion
  5084 | D        | Killed an emperor scorpion
  5294 | D        | Noticed a broodmother
  5314 | D        | Killed a broodmother
  5470 | D        | Bought a scarf of resistance for 576 gold pieces
  5659 | D        | Noticed a bunyip
  5659 | D        | Noticed a fenstrider witch
  5659 | D        | Noticed an eleionoma
  5664 | D        | Killed an eleionoma
  5667 | D        | Killed a fenstrider witch
  5687 | D        | Killed a bunyip
  5989 | D        | Noticed Agnes
  6035 | D        | HP: 7/145 [Agnes/+0 lajatang (21)]
  6038 | D        | Killed Agnes
  6355 | D        | Noticed Maurice
  6359 | D        | Paralysed by something for 5 turns
  6372 | D        | Killed Maurice
  6441 | D        | Noticed Nergalle
  6443 | D        | Noticed Saint Roka
  6449 | D        | Killed Nergalle
  6472 | D        | HP: 7/146 [Saint Roka/+0 great sword (34)]
  6473 | D        | Killed from afar by Saint Roka

Illustrated notes

Levels and vault maps discovered:
D:        linesprint [early_d, line_temple, items_1, d_10, items_2, lair_1,
          lair_end, items_3, orc_1, orc_end, items_4, d_15, swamp_1, shoals_1,
          snake_1, spider_1, d_20, vaults_1, items_5, swamp_end, shoals_end,
          snake_end, spider_end, vaults_end, d_27, items_6, zot_1, zot_end,
          crypt_end, forest_end, elf_end, slime_end, tomb_end, abyss_end,
          pan_hell_end]

Skill      XL: |  1  2  3  4  5  6  7  8  9 10 11 12 13 |
---------------+----------------------------------------+-----
Fighting       | 3 4 6 7 9 10 11 14 16 18 | 18.3
Armour         | 4 5 6 8 10 13 14 16 18 19 | 19.7
Maces & Flails | 2 3 5 6 9 11 13 16 17 19 | 19.4
Shields        | 4 5 7 8 11 12 13 14 16 18 | 18.3
Evocations     | 1 3 5 |  5.5
Dodging        | 1 2 4 5 6 7 |  7.1
Stealth        | 1 2 5 6 |  6.8
Throwing       | 1 2 |  2.5

Action                   |  1- 3 |  4- 6 |  7- 9 | 10-12 | 13-15 || total
-------------------------+-------+-------+-------+-------+-------++-------
Melee: Flail             |    25 |       |    77 |   614 |   310 ||  1026
       Tailslap          |     2 |       |    16 |   120 |    49 ||   187
Throw: Javelin           |       |       |       |     5 |       ||     5
Invok: Call Merchant     |       |       |       |     3 |     2 ||     5
       Potion Petition   |       |       |       |     1 |     4 ||     5
Evoke: Wand              |       |     4 |     6 |       |       ||    10
  Use: Potion            |     1 |       |     8 |     7 |     7 ||    23
       Scroll            |       |       |       |     4 |     4 ||     8
 Stab: Distracted        |       |       |     1 |     3 |     3 ||     7
       Invisible         |       |       |       |       |     2 ||     2
Armor: Scale mail        |    12 |       |       |       |       ||    12
       Ring mail         |       |     2 |    22 |    51 |       ||    75
       Chain mail        |       |       |       |    65 |   187 ||   252
Dodge: Dodged            |     6 |     1 |    28 |   147 |   114 ||   296
Block: Buckler           |     3 |     2 |    24 |   116 |   108 ||   253

Table legend: (Time is in decaauts)
 A = Elapsed time spent in this place.
 B = Non-inter-level travel time spent in this place.
 C = Inter-level travel time spent in this place.
 D = Time resting spent in this place.
 E = Time spent auto-exploring this place.
 F = Levels seen in this place.
 G = Mean time per level.
                   A        B        C        D        E       F      G
               +--------+--------+--------+--------+--------+-----+--------+
         Total |   6234 |   6234 |      0 |   2694 |   1165 |   1 | 6234.0 |
       Dungeon |   6234 |   6234 |      0 |   2694 |   1165 |   1 | 6234.0 |
               +--------+--------+--------+--------+--------+-----+--------+

Top non-repeatable levels by time:
       D: 6234 daAuts
